 Dungeon Crawl Stone Soup version 0.21.1-1-g345015f (webtiles) character file.

10838 wojtek the Cleaver (level 11, -2/142 HPs)
             Began as a Minotaur Fighter on June 10, 2018.
             Was an Elder of Makhleb.
             Slain by a minotaur (7 damage)
             ... in a labyrinth.
             The game lasted 00:17:11 (11597 turns).

wojtek the Cleaver (Minotaur Fighter)              Turns: 11597, Time: 00:17:11

Health: -2/142     AC: 13    Str: 28    XL:     11   Next: 41%
Magic:  16/16      EV:  7    Int:  5    God:    Makhleb [****..]
Gold:   589        SH: 18    Dex: 11    Spells: 10/10 levels left

rFire    + . .     SeeInvis .   a - +3 war axe (elec)
rCold    . . .     Gourm    .   x - +0 large shield
rNeg     + . .     Faith    .   G - +0 plate armour
rPois    .         Spirit   .   (helmet restricted)
rElec    +         Reflect  .   (no cloak)
rCorr    .         Harm     .   (no gloves)
MR       .....                  (no boots)
Stlth    ..........             (no amulet)
HPRegen  0.33/turn              B - ring "Baklax" {rElec rN+}
MPRegen  0.15/turn              I - ring of protection from fire

@: berserking, very quick
A: retaliatory headbutt, horns 2
a: Minor Destruction, Lesser Servant of Makhleb, Major Destruction, Renounce
Religion


You were in a labyrinth.
You worshipped Makhleb.
Makhleb was greatly pleased with you.
You were not hungry.

You visited 3 branches of the dungeon, and saw 14 of its levels.
You also visited: Labyrinth.

You collected 803 gold pieces.
You spent 214 gold pieces at shops.

Inventory:

Hand Weapons
 a - a +3 war axe of electrocution (weapon)
Missiles
 k - 13 javelins (quivered)
Armour
 x - a +0 large shield (worn)
 G - a +0 plate armour (worn)
Jewellery
 s - an uncursed ring of ice
 B - the ring "Baklax" (left hand) {rElec rN+}
   (You bought it in a shop on level 6 of the Dungeon)

   [ring of positive energy]

   It insulates you from electricity.
   It protects you from negative energy.
 C - an uncursed ring of fire
 I - a ring of protection from fire (right hand)
Wands
 c - a wand of flame (51)
 v - a wand of iceblast (12)
 A - a wand of disintegration (22)
 O - a wand of digging (10)
Scrolls
 b - 8 scrolls of teleportation
 g - a scroll of immolation
 i - 16 scrolls of identify
 p - 7 scrolls of fear {unknown}
 q - 6 scrolls of remove curse
Potions
 d - a potion of might
 h - 2 potions of heal wounds {unknown}
 j - a potion of flight {unknown}
 l - 2 potions of curing {unknown}
 m - 2 potions of brilliance {unknown}
 r - 3 potions of magic {unknown}
 t - a potion of mutation {unknown}
 u - 2 potions of degeneration {unknown}
 Q - a potion of lignification {unknown}
Comestibles
 f - 21 rations


   Skills:
 + Level 8.5 Fighting
 + Level 11.0 Axes
 + Level 8.5 Armour
 + Level 7.0 Dodging
 + Level 8.6 Shields
 * Level 9.1 Invocations


You had 10 spell levels left.
You didn't know any spells.

Dungeon Overview and Level Annotations

Branches:
Dungeon (12/15)            Temple (1/1) D:4            Lair (1/6) D:10
    Orc: D:9-12

Altars:
Ashenzari
Cheibriados
Dithmenos
Elyvilon
Fedhas
Gozag
Hepliaklqana
Kikubaaqudgha
Makhleb
Nemelex Xobeh
Okawaru
Qazlal
Ru
Sif Muna
Trog
Uskayaw
Vehumet
Wu Jian
Xom
Yredelemnul
Zin
The Shining One

Shops:
D:5 *(   D:6 *   D:9 *


Innate Abilities, Weirdness & Mutations

You reflexively headbutt those who attack you in melee.
You have a pair of horns on your head.


Message History

You block the minotaur's attack. x2
You closely miss the minotaur.
The minotaur furiously retaliates!
The minotaur headbutts you!
The minotaur is moderately wounded.
The minotaur hits you but does no damage.
You block the minotaur's attack.
You closely miss the minotaur.
You headbutt the minotaur, but do no damage.
The minotaur is moderately wounded.
The minotaur hits you!! You block the minotaur's attack.
You hit the minotaur. Lightning courses through the minotaur!
The minotaur is severely wounded.
The minotaur hits you!!
* * * LOW HITPOINT WARNING * * *
You block the minotaur's attack.
A red film seems to cover your vision as you go berserk!
You feel yourself moving faster!
You feel mighty! The minotaur hits you!
* * * LOW HITPOINT WARNING * * *
The minotaur gores you!
You die...

▓▓▓ ▓▓▓▓▓▓▓▓▓ ▓▓
#...#.... .....
#.#.#.#######.#.#
.#...#. . ..#
#####.#.###.## .#
### #..H@.#.#
#.....#
#.#######. # ####
# ..< .. .. .#. .
. ###. ## # #. .#
## #. .. # # ...
#.# ## # . .. #.
... .# #. ## ##
## .


You could see a minotaur.

Vanquished Creatures
  A centaur warrior (D:11)
  A two-headed ogre (D:9)
  An ugly thing (D:11)
  2 cyclopes (D:11)
  Joseph (D:7)
  A centaur zombie (D:11)
  A troll (D:11)
  Prince Ribbit (D:9)
  5 yaks (D:11)
  A wraith (D:11)
  A hungry ghost (D:11)
  2 wargs (D:10)
  8 orc warriors
  A phantom (D:5)
  4 black bears
  2 ice beasts (D:9)
  A sky beast (D:10)
  A necrophage (D:11)
  5 ogres
  7 centaurs
  A crocodile (D:11)
  2 big kobolds
  A gnoll sergeant (D:8)
  Blork the orc (D:4)
  5 bullfrogs
  A water moccasin skeleton (D:7)
  9 killer bees
  5 scorpions
  5 wights (D:10)
  3 howler monkeys
  A vampire bat (D:3)
  8 crimson imps
  2 bullfrog zombies
  A quasit (D:8)
  2 hounds
  6 orc priests
  4 jellies
  2 centaur skeletons (D:6)
  2 bullfrog skeletons
  2 iguanas
  10 orc wizards
  8 worker ants
  The ghost of Iko the Skirmisher, a weakling TrWn (D:3)
  A hound zombie (D:7)
  A hound skeleton (D:4)
  A worker ant zombie (D:8)
  13 gnolls
  15 adders
  A shadow imp (D:8)
  7 oozes
  An adder skeleton (D:3)
  7 worms
  2 dart slugs
  6 leopard geckos
  54 orcs
  8 bats
  5 bat skeletons (D:3)
  A bat zombie (D:3)
  2 giant cockroaches
  15 goblins
  5 hobgoblins
  10 jackals
  5 quokkas
  2 ball pythons
  3 frilled lizards
  A jackal skeleton (D:8)
  15 kobolds
  A leopard gecko skeleton (D:7)
  A quokka skeleton (D:5)
  2 quokka zombies
  7 rats
321 creatures vanquished.

Vanquished Creatures (others)
  A fungus (Lair:1)
1 creature vanquished.

Grand Total: 322 creatures vanquished

Notes
Turn   | Place    | Note
-------+----------+-------------------------------------------
     0 | D:1      | wojtek the Minotaur Fighter began the quest for the Orb.
     0 | D:1      | Reached XP level 1. HP: 19/19 MP: 0/0
    54 | D:1      | Reached skill level 3 in Axes
   106 | D:1      | Reached XP level 2. HP: 13/26 MP: 1/1
   305 | D:1      | Reached skill level 4 in Axes
   445 | D:1      | Reached XP level 3. HP: 22/31 MP: 2/2
   866 | D:2      | Reached skill level 5 in Axes
   895 | D:2      | Reached XP level 4. HP: 31/39 MP: 3/3
  1059 | D:2      | Found a sparkling altar of Nemelex Xobeh.
  1114 | D:2      | Reached skill level 6 in Axes
  1418 | D:3      | Noticed Iko's ghost (weakling TrWn)
  1443 | D:3      | Killed Iko's ghost
  1443 | D:3      | Reached XP level 5. HP: 39/45 MP: 4/4
  1483 | D:3      | Found a basalt altar of Yredelemnul.
  1744 | D:3      | Reached skill level 7 in Axes
  2118 | D:3      | Found an ancient bone altar of Kikubaaqudgha.
  2122 | D:3      | Reached XP level 6. HP: 51/51 MP: 5/5
  2315 | D:4      | Reached skill level 8 in Axes
  2318 | D:4      | Found a staircase to the Ecumenical Temple.
  2346 | Temple   | Entered the Ecumenical Temple
  2447 | Temple   | Became a worshipper of Makhleb the Destroyer
  2522 | D:4      | Noticed Blork the orc
  2530 | D:4      | Killed Blork the orc
  2530 | D:4      | Reached skill level 1 in Invocations
  2919 | D:4      | Found a basalt altar of Yredelemnul.
  2919 | D:4      | Found a stormy altar of Qazlal.
  3327 | D:5      | Entered Level 5 of the Dungeon
  3381 | D:5      | Found Tod Log's Antique Weapon Emporium.
  3472 | D:5      | Reached skill level 1 in Dodging
  3615 | D:5      | Found Feloesmi's General Store.
  3623 | D:5      | Bought a scroll of teleportation for 39 gold pieces
  3623 | D:5      | Bought a scroll of remove curse for 39 gold pieces
  3623 | D:5      | Bought a scroll of identify for 26 gold pieces
  3673 | D:5      | Reached XP level 7. HP: 44/59 MP: 7/7
  3737 | D:5      | Found Diuq's Distillery.
  3891 | D:5      | Found a blossoming altar of Fedhas.
  4541 | D:6      | Reached * piety under Makhleb
  4552 | D:6      | Reached XP level 8. HP: 67/67 MP: 9/9
  4824 | D:6      | Reached skill level 5 in Shields
  4879 | D:6      | Found Feehal's Assorted Antiques.
  4883 | D:6      | Bought a bound brass ring for 110 gold pieces
  4884 | D:6      | Identified the ring "Baklax" {rElec rN+} (You bought it in a shop on level 6 of the Dungeon)
  5095 | D:6      | Reached skill level 5 in Armour
  5154 | D:6      | Reached skill level 5 in Fighting
  5220 | D:6      | Reached skill level 9 in Axes
  5768 | D:7      | Reached skill level 5 in Invocations
  5777 | D:7      | Reached XP level 9. HP: 24/75 MP: 11/11
  5826 | D:7      | Reached ** piety under Makhleb
  6148 | D:7      | Noticed Joseph
  6163 | D:7      | Killed Joseph
  6454 | D:7      | Found a glowing silver altar of Zin.
  6455 | D:7      | Noticed an angel
  7032 | D:8      | Reached *** piety under Makhleb
  7594 | D:9      | Reached skill level 5 in Dodging
  7638 | D:9      | Noticed a two-headed ogre
  7645 | D:9      | Killed a two-headed ogre
  7645 | D:9      | Reached skill level 10 in Axes
  7645 | D:9      | Reached XP level 10. HP: 58/86 MP: 14/14
  7653 | D:9      | Noticed Prince Ribbit
  7956 | D:9      | Killed Prince Ribbit
  8254 | D:9      | Found Koxue's Assorted Antiques.
  8334 | D:9      | Reached **** piety under Makhleb
  8459 | D:10     | Entered Level 10 of the Dungeon
  8524 | D:10     | Found a radiant altar of Vehumet.
  8560 | D:10     | Found a staircase to the Lair.
  9347 | D:11     | Noticed a centaur warrior
  9354 | D:11     | Killed a centaur warrior
  9443 | D:11     | Reached XP level 11. HP: 58/94 MP: 16/16
  9579 | D:11     | Reached ***** piety under Makhleb
  9840 | D:11     | Noticed a white ugly thing
  9850 | D:11     | Killed a white ugly thing
 10227 | D:11     | Reached skill level 11 in Axes
 10359 | D:12     | Noticed a death knight
 10774 | D:11     | Noticed a balrug
 10984 | Lair:1   | Entered Level 1 of the Lair of Beasts
 11012 | Lair:1   | Found a labyrinth entrance.
 11036 | Lab      | Entered a labyrinth
 11588 | Lab      | Noticed a minotaur
 11597 | Lab      | HP: 5/142 [minotaur (11)]
 11597 | Lab      | Slain by a minotaur

Skill      XL: |  1  2  3  4  5  6  7  8  9 10 11 |
---------------+----------------------------------+-----
Axes           | 3 4 5 6 7 8 9 10 11 | 11.0
Invocations    | 1 3 5 7 8 9 |  9.1
Dodging        | 1 2 3 5 6 7 |  7.0
Fighting       | 4 5 7 8 |  8.5
Armour         | 4 5 7 8 |  8.5
Shields        | 4 5 7 8 |  8.6

Action                   |  1- 3 |  4- 6 |  7- 9 | 10-12 || total
-------------------------+-------+-------+-------+-------++-------
Melee: War axe           |    83 |   177 |   274 |   238 ||   772
       Headbutt          |     5 |    36 |    50 |    43 ||   134
Invok: Greater Servant o |       |       |       |     1 ||     1
  Use: Scroll            |       |       |     1 |     5 ||     6
       Potion            |       |       |       |     1 ||     1
  Eat: Chunk             |       |     9 |    13 |     8 ||    30
       Ration            |       |       |       |     2 ||     2
Armor: Scale mail        |    21 |       |       |       ||    21
       Chain mail        |    37 |    71 |    55 |       ||   163
       Plate armour      |       |       |    30 |   116 ||   146
Dodge: Dodged            |    25 |    31 |    48 |    53 ||   157
Block: Shield            |    45 |    93 |    62 |       ||   200
       Large shield      |       |       |    90 |   282 ||   372
